 Dungeon Crawl Stone Soup version 0.25.0-11-g1f837a7 (webtiles) character file.

Game seed: 13910457242175328329

5044 Bionic the Grappler (level 10, -6/78 HPs)
             Began as a Ghoul Monk on June 26, 2020.
             Was a Believer of Ru.
             Killed by divine providence
             ... invoked by an orc priest
              (15 damage)
             ... on level 9 of the Dungeon.
             The game lasted 00:19:23 (7755 turns).

Bionic the Grappler (Ghoul Monk)                    Turns: 7755, Time: 00:19:23

Health: -6/78      AC: 14    Str: 19    XL:     10   Next: 55%
Magic:  9/9        EV:  6    Int:  5    God:    Ru [**....]
Gold:   488        SH: 29    Dex: 11    Spells: 9/9 levels left

rFire    . . .     SeeInvis .     - Unarmed
rCold    + . .     Gourm    .   o - +8 tower shield
rNeg     + + +     Faith    .   h - +0 plate armour
rPois    ∞         Spirit   .   x - +2 hat
rElec    .         Reflect  +   t - +0 cloak
rCorr    +         Harm     .   (no gloves)
MR       .....                  y - +0 pair of boots (curse)
Stlth    ..........             I - amulet of reflection
HPRegen  0.00/turn              E - +4 ring of evasion
MPRegen  0.11/turn              R - ring of resist corrosion

@: vulnerable, rotting
A: rotting body, claws 1, carnivore, cold resistance 1, negative energy
resistance 3, inhibited regeneration, torment resistance, unbreathing, no
stealth, no air magic, no conjurations magic, no necromancy magic
a: Renounce Religion


You were on level 9 of the Dungeon.
You worshipped Ru.
Ru was pleased with you.
You were hungry.

You visited 1 branch of the dungeon, and saw 9 of its levels.

You collected 488 gold pieces.


Innate Abilities, Weirdness & Mutations

Your body is rotting away.
You thrive on raw meat.
You are immune to poison.
You have sharp fingernails.
You are carnivorous and can eat meat at any time.
Your flesh is cold resistant. (rC+)
You are immune to negative energy. (rN+++)
You do not regenerate when monsters are visible.
You are immune to unholy pain and torment.
You can survive without breathing.
You cannot be stealthy.
You cannot study or cast Air magic.
You cannot study or cast Conjurations magic.
You cannot study or cast Necromancy magic.


   Skills:
 - Level 4.0 Fighting
 - Level 2.6 Dodging
 + Level 7.8 Shields
 * Level 13.5 Unarmed Combat


You had 9 spell levels left.
You didn't know any spells.
Your spell library contained the following spells:

 Spells                   Type           Power        Failure   Level  Hunger
 Inner Flame              Hex/Fire       #.......     100%        3    ####...
 Foxfire                  Conj/Fire      Unusable     N/A         1    N/A
 Conjure Flame            Conj/Fire      Unusable     N/A         3    N/A
 Sticky Flame             Conj/Fire      Unusable     N/A         4    N/A
 Fireball                 Conj/Fire      Unusable     N/A         5    N/A

Inventory:

Missiles
 c - 229 stones (quivered)
 q - 2 throwing nets {=f}
Armour
 h - a +0 plate armour (worn)
 o - a +8 tower shield (worn)
 t - a +0 cloak (worn)
 x - a +2 hat (worn)
 y - a cursed +0 pair of boots (worn)
Jewellery
 v - an uncursed ring of see invisible
 C - an uncursed ring of protection from cold
 E - a +4 ring of evasion (left claw)
 F - an uncursed ring of fire
 I - an amulet of reflection (around neck)
 M - an uncursed ring of protection from magic
 R - a ring of resist corrosion (right claw)
Wands
 d - a wand of digging (5)
 n - a wand of flame (11)
 p - a wand of paralysis (15)
 w - a wand of random effects (8)
Scrolls
 e - 5 scrolls of magic mapping
 f - 4 scrolls of teleportation {@r4}
 j - 2 scrolls of remove curse {@r2}
 k - 2 scrolls of amnesia
Potions
 a - 2 potions of ambrosia
 g - 4 potions of curing {@q1}
 i - a potion of flight {unknown}
 m - a potion of heal wounds {@q2}
 r - 2 potions of haste {unknown}
 u - 2 potions of invisibility
 z - a potion of magic {unknown}
 A - 2 potions of berserk rage {unknown}
 B - a potion of resistance
 D - a potion of brilliance {unknown}
 H - 2 potions of might
Comestibles
 b - 12 rations {@e1}
 G - 11 chunks of flesh

Dungeon Overview and Level Annotations

Branches:
Dungeon (8/15)             Temple (0/1) D:5
   Lair: D:8-11

Altars:
Ashenzari
Fedhas
Makhleb
Nemelex Xobeh
Ru
Sif Muna
The Shining One

Shops:
D:4

( #.....# #...o.#
#.....# #...o.#
##o.o## #.oZ####+
▒▒▒▒▒
#....#...$#.#.▒++▒.#.
#....'......%.)...%..
#....#.......@oY..$%%
+....#......Po.o...P.
#....#...[..%%.......
#.#####........######
#. ....####### ..
.... .. ... #. ..


You could see an orc warrior, an ice beast, an orc priest and an orc wizard.


Message History

* * * LOW HITPOINT WARNING * * *
Found 39 gold pieces, 5 rations and a robe.
An ice beast comes into view.
You block the orc wizard's attack.
The orc priest begins to pray, but is stunned by your will!
Found a ration.
You completely miss the orc priest. You block the orc wizard's attack.
You block the orc warrior's attack.
The orc priest looks braver for a moment.
You barely miss the orc priest.
The orc wizard points at you and mumbles some strange words.
The magic dart hits you but does no damage.
You block the orc priest's attack. You block the orc warrior's attack.
You block the orc priest's attack.
You mangle the orc priest!!
You kill the orc priest!
You block the orc wizard's attack. You block the orc priest's attack.
You block the orc warrior's attack.
You closely miss the orc priest. You block the orc wizard's attack.
The orc priest calls down the wrath of Beogh upon you.
Beogh smites you!
* * * LOW HITPOINT WARNING * * *
The orc warrior hits you from afar with a +0 trident!
* * * LOW HITPOINT WARNING * * *
You block the orc wizard's attack.
You claw the orc priest!
The orc priest is severely wounded.
The orc priest mumbles some strange prayers to Beogh against you.
Beogh smites you!
You die...

Skill      XL: |  1  2  3  4  5  6  7  8  9 10 |
---------------+-------------------------------+-----
Unarmed Combat | 4 5 6 7 9 10 12 13 | 13.5
Fighting       | 4 |  4.0
Shields        | 1 2 4 5 6 7 |  7.8
Stealth        | 0 |  0.0
Dodging        | |  2.6

Action                   |  1- 3 |  4- 6 |  7- 9 | 10-12 || total
-------------------------+-------+-------+-------+-------++-------
Melee: Unarmed           |   103 |   196 |   393 |    91 ||   783
Throw: Stone             |    72 |    96 |    94 |    20 ||   282
Invok: Sacrifice Arcana  |       |     1 |       |       ||     1
       Sacrifice Stealth |       |       |     1 |       ||     1
       Reject Sacrifices |       |       |     1 |       ||     1
Evoke: Wand              |       |       |     4 |     4 ||     8
  Use: Scroll            |       |    11 |    11 |     5 ||    27
       Potion            |       |       |     1 |       ||     1
 Stab: Distracted        |       |       |     1 |       ||     1
       Paralysed         |       |       |       |     4 ||     4
  Eat: Chunk             |     3 |     6 |    13 |       ||    22
Armor: Robe              |     5 |       |       |       ||     5
       Leather armour    |     3 |       |       |       ||     3
       Ring mail         |     6 |     4 |       |       ||    10
       Chain mail        |       |    22 |    18 |       ||    40
       Plate armour      |       |       |    52 |    14 ||    66
Dodge: Dodged            |    76 |    40 |    32 |     2 ||   150
Block: Tower shield      |     6 |   116 |   301 |    92 ||   515
       Reflection        |       |       |       |     1 ||     1

Levels and vault maps discovered:
D:1:      dpeg_arrival_signposts, layout_loops_corners
D:2:      minmay_skewed_foursquare, layout_basic,
          nicolae_ru_great_annihilating_truth, tso_metal_star, uniq_terence
D:3:      layout_loops_ring, chequers_ecumenical_altar_grove, first_ration,
          uniq_grinder, uniq_ijyb
D:4:      layout_basic, serial_shops, nicolae_shop_stone, uniq_blork_the_orc,
          uniq_sigmund
D:5:      layout_basic, tgw_sif, minmay_temple_entry_statues,
          chequers_serial_rivers_small_a, uniq_edmund
D:6:      layout_loops_corners, chequers_temple_overflow_statue_of_worship,
          grunt_ministairs_8, uniq_pikel
D:7:      layout_basic, fedhas_altar_2, gammafunk_ghost_grave, basic_altar
D:8:      layout_basic
D:9:      layout_gridville, david_orc_5, serial_shops, shop, blue_anna_alchemist
          [blue_anna_fruit_fields, blue_anna_fruit_fields],
          grunt_decor_fettered, eino_house_with_fridge

Notes
Turn   | Place    | Note
-------+----------+-------------------------------------------
     0 | D:1      | Bionic the Ghoul Monk began the quest for the Orb.
     0 | D:1      | Reached XP level 1. HP: 19/19 MP: 0/0
   437 | D:1      | Reached XP level 2. HP: 26/26 MP: 1/1
  1065 | D:2      | Reached skill level 4 in Unarmed Combat
  1237 | D:2      | Reached XP level 3. HP: 32/32 MP: 2/2
  1660 | D:2      | Reached skill level 4 in Fighting
  1660 | D:2      | Reached XP level 4. HP: 40/40 MP: 3/3
  1714 | D:2      | Found a sacrificial altar of Ru.
  1760 | D:2      | Became a worshipper of Ru the Awakened
  1784 | D:2      | Gained mutation: You cannot study or cast Air magic. [Ru
                  | sacrifice]
  1784 | D:2      | Gained mutation: You cannot study or cast Necromancy magic.
                  | [Ru sacrifice]
  1784 | D:2      | Gained mutation: You cannot study or cast Conjurations
                  | magic. [Ru sacrifice]
  1784 | D:2      | Reached * piety under Ru
  2100 | D:2      | Noticed Terence
  2115 | D:2      | Killed Terence
  2115 | D:2      | Reached skill level 1 in Shields
  2115 | D:2      | Reached skill level 5 in Unarmed Combat
  2431 | D:2      | Found a glowing golden altar of the Shining One.
  2671 | D:3      | Reached XP level 5. HP: 46/46 MP: 4/4
  2685 | D:3      | Noticed Ijyb
  2725 | D:3      | Killed Ijyb
  2922 | D:3      | Noticed Grinder
  2922 | D:3      | Paralysed by Grinder for 3 turns
  3288 | D:3      | Paralysed by Grinder for 4 turns
  3305 | D:3      | Killed Grinder
  3305 | D:3      | Reached skill level 2 in Shields
  3305 | D:3      | Reached skill level 6 in Unarmed Combat
  3305 | D:3      | Reached XP level 6. HP: 50/52 MP: 5/5
  3450 | D:3      | Found a faded altar of an unknown god.
  3555 | D:4      | You fall into a shaft and drop 2 floors!
  3581 | D:6      | Reached skill level 7 in Unarmed Combat
  3608 | D:6      | Noticed an ice beast
  3623 | D:5      | Entered Level 5 of the Dungeon
  3633 | D:5      | Reached XP level 7. HP: 56/59 MP: 6/6
  3661 | D:5      | Noticed Edmund
  3682 | D:5      | Killed Edmund
  3682 | D:5      | Reached skill level 3 in Shields
  4027 | D:5      | Reached skill level 8 in Unarmed Combat
  4031 | D:4      | Identified a +2 robe of the Archmagi
  4031 | D:4      | Noticed Sigmund
  4321 | D:5      | You fall into a shaft and drop 1 floor!
  4502 | D:6      | Found a burning altar of Makhleb.
  4506 | D:6      | Found a sparkling altar of Nemelex Xobeh.
  4506 | D:6      | Noticed Pikel
  4529 | D:6      | Killed Pikel
  4529 | D:6      | Reached skill level 4 in Shields
  4529 | D:6      | Reached skill level 9 in Unarmed Combat
  4529 | D:6      | Reached XP level 8. HP: 66/66 MP: 7/7
  4533 | D:6      | Gained mutation: You cannot be stealthy. [Ru sacrifice]
  4533 | D:6      | Reduced skill Stealth to level 0
  4533 | D:6      | Reached ** piety under Ru
  4692 | D:6      | Reached skill level 5 in Shields
  4799 | D:6      | Reached skill level 10 in Unarmed Combat
  4909 | D:5      | Reached XP level 9. HP: 71/71 MP: 8/8
  4913 | D:4      | Found Usmig's Antique Weapon Emporium.
  4969 | D:4      | You fall into a shaft and drop 1 floor!
  4991 | D:5      | Found a shimmering blue altar of Sif Muna.
  5172 | D:4      | Killed Sigmund
  5505 | D:4      | Noticed Blork the orc
  5531 | D:4      | Killed Blork the orc
  5531 | D:4      | Reached skill level 11 in Unarmed Combat
  5839 | D:5      | Found a staircase to the Ecumenical Temple.
  5932 | D:5      | Reached skill level 6 in Shields
  6167 | D:6      | You fall into a shaft and drop 2 floors!
  6722 | D:7      | Found a blossoming altar of Fedhas.
  6773 | D:7      | Reached skill level 12 in Unarmed Combat
  7001 | D:7      | Found a shattered altar of Ashenzari.
  7100 | D:7      | Reached XP level 10. HP: 70/78 MP: 9/9
  7230 | D:7      | Reached skill level 7 in Shields
  7394 | D:7      | Found a runed translucent door.
  7395 | D:7      | Noticed allgewalt's ghost (novice SpEn)
  7420 | D:7      | Killed allgewalt's ghost
  7591 | D:8      | Reached skill level 13 in Unarmed Combat
  7633 | D:8      | Noticed a two-headed ogre
  7647 | D:8      | Killed a two-headed ogre
  7677 | D:8      | Noticed a two-headed ogre
  7684 | D:8      | Killed a two-headed ogre
  7717 | D:8      | Identified a potion of resistance
  7723 | D:8      | You fall into a shaft and drop 1 floor!
  7741 | D:9      | Noticed a two-headed ogre
  7755 | D:9      | Killed from afar by an orc priest

Vanquished Creatures
  2 two-headed ogres (D:8)
  Pikel (D:6)
  The ghost of allgewalt the Covert, a novice SpEn of Dithmenos (D:7)
  Grinder (D:3)
  Sigmund (D:4)
  Edmund (D:5)
  2 orc warriors (D:7)
  3 slaves (D:6)
  3 black bears
  An ogre (D:7)
  3 ice beasts
  A necrophage (D:6)
  4 centaurs
  A crocodile (D:7)
  Blork the orc (D:4)
  2 big kobolds (D:7)
  3 bullfrogs
  A gnoll sergeant (D:5)
  4 scorpions
  3 wights (D:6)
  3 crimson imps
  A bullfrog zombie (D:6)
  5 hounds
  5 jellies
  4 orc priests
  4 orc wizards
  Ijyb (D:3)
  2 iguanas
  Terence (D:2)
  2 worker ants
  3 gnolls (D:5)
  8 adders
  A shadow imp (D:8)
  2 oozes (D:2)
  2 worms
  4 dart slugs
  2 leopard geckos
  27 orcs
  3 ball pythons
  5 bats
  4 giant cockroaches
  4 hobgoblins
  4 jackals (D:2)
  15 kobolds
  4 quokkas
  4 frilled lizards
  5 goblins
  A leopard gecko skeleton (D:4)
  A leopard gecko zombie (D:5)
  2 quokka zombies
  9 rats
177 creatures vanquished.

Vanquished Creatures (others)
  A ball python (D:3)
  A quokka (D:5)
2 creatures vanquished.

Grand Total: 179 creatures vanquished

Table legend:
 A = Turns spent in this place as a percentage of turns spent in the entire game.
 B = Non-inter-level travel turns spent in this place as a percentage of non-inter-level travel turns spent in the entire game.
 C = Inter-level travel turns spent in this place as a percentage of turns spent in this place.
 D = Turns resting spent in this place as a percentage of non-inter-level travel turns spent in this place.
 E = Turns spent auto-exploring this place as a percentage of non-inter-level travel turns spent in this place.
 F = Non-inter-level travel turns spent in this place divided by the number of levels of this place that you've seen.
                   A       B       C       D       E      F
               +-------+-------+-------+-------+-------+----------------------
         Total | 100.0 | 100.0 |   2.5 |   8.6 |  63.7 | 840.0
       Dungeon | 100.0 | 100.0 |   2.5 |   8.6 |  63.7 | 840.0
               +-------+-------+-------+-------+-------+----------------------

Table legend:
 A = Non-vault XP
 B = Vault XP
 C = Vault XP percentage of total XP
 D = Non-vault monster count
 E = Vault monster count
 F = Vault count percentage of total count
                 A         B        C        D         E       F
            +---------+---------+-------+---------+---------+-------
      Total |    5179 |    2028 |  28.1 |     155 |      21 |  11.9
            +---------+---------+-------+---------+---------+-------
        D:1 |      23 |       0 |   0.0 |      13 |       0 |   0.0
        D:2 |      66 |      70 |  51.5 |      25 |      11 |  30.6
        D:3 |      61 |     329 |  84.4 |      14 |       2 |  12.5
        D:4 |     310 |     319 |  50.7 |      16 |       2 |  11.1
        D:5 |     591 |     218 |  26.9 |      17 |       2 |  10.5
        D:6 |     736 |     694 |  48.5 |      18 |       3 |  14.3
        D:7 |    1792 |     398 |  18.2 |      41 |       1 |   2.4
        D:8 |    1562 |       0 |   0.0 |      10 |       0 |   0.0
        D:9 |      38 |       0 |   0.0 |       1 |       0 |   0.0
            +---------+---------+-------+---------+---------+-------
